PCL
DISTRICT 9 PRAWNS @ LAS VEGAS STARS
09/18/2029
 
TOP OF THE 1ST
District 9 Prawns batting - Pitching for Las Vegas Stars : RHP Juan Rodríguez
Pitching: RHP Juan Rodríguez
Batting: RHB Bernardo Corona 0-0: Ball
1-0: Foul Ball, location: 2F
1-1: Called Strike
1-2: Ball
2-2: Ground out 5-3 (Groundball, 5)
Batting: LHB Terry Simpson 0-0: Called Strike
0-1: Ball
1-1: Ground out 6-3 (Groundball, 6S)
Batting: SHB Félix Montoya 0-0: DOUBLE (Flyball, 8RXD)
Batting: LHB Tommy Payne 0-0: Ball
1-0: Ground out U3 (Groundball, 34S)
Top of the 1st over - 0 runs, 1 hit, 0 errors, 1 left on base; District 9 0 - Las Vegas 0
BOTTOM OF THE 1ST
Las Vegas Stars batting - Pitching for District 9 Prawns : RHP Víctor Ventura
Pitching: RHP Víctor Ventura
Batting: RHB Guo-xiu Choi 0-0: Ball
1-0: Ball
2-0: Called Strike
2-1: Ball
3-1: Foul Ball, location: 2F
3-2: Foul Ball, location: 2F
3-2: Base on Balls
Batting: RHB Juan Valverde 0-0: Ball
Guo-xiu Choi is caught stealing 2nd base
1-0: Swinging Strike
1-1: Called Strike
1-2: Strikes out swinging
Batting: RHB José García 0-0: Ball
1-0: Called Strike
1-1: Ball
2-1: Foul Ball, location: 2F
2-2: Strikes out swinging
Bottom of the 1st over - 0 runs, 0 hits, 0 errors, 0 left on base; District 9 0 - Las Vegas 0
TOP OF THE 2ND
District 9 Prawns batting - Pitching for Las Vegas Stars : RHP Juan Rodríguez
Batting: LHB Pedro Rodríguez 0-0: Ball
1-0: Swinging Strike
1-1: Foul Ball, location: 2F
1-2: SINGLE (Groundball, 6MD)
Batting: LHB Jeff Doss 0-0: Ball
1-0: Fly out, F8 (Flyball, 8LS)
Batting: RHB José Colón 0-0: Foul Ball, location: 2F
0-1: Ball
1-1: Ball
2-1: Ball
3-1: Base on Balls
Pedro Rodríguez to second
Batting: RHB Edgardo Carrasco 0-0: Foul Ball, location: 2F
0-1: Ball
1-1: Foul Ball, location: 2F
1-2: Ball
2-2: SINGLE (Groundball, 56D)
Pedro Rodríguez to third
José Colón to second
Batting: RHB Lúcio García 0-0: Ball
1-0: TRIPLE (Line Drive, 9LD)
Pedro Rodríguez scores
José Colón scores
Edgardo Carrasco scores
Batting: RHB Bernardo Corona 0-0: Ball
1-0: Called Strike
1-1: Ball
2-1: Foul Ball, location: 2F
2-2: Foul Ball, location: 2F
2-2: Fly out, F8 (Flyball, 8RM)
Runner from 3rd tags up, SCORES, throw made
Batting: LHB Terry Simpson 0-0: Ball
1-0: Foul Ball, location: 2F
1-1: Ground out 5-3 (Groundball, 5)
Top of the 2nd over - 4 runs, 3 hits, 0 errors, 0 left on base; District 9 4 - Las Vegas 0
BOTTOM OF THE 2ND
Las Vegas Stars batting - Pitching for District 9 Prawns : RHP Víctor Ventura
Batting: LHB Patrick Osborne 0-0: Called Strike
0-1: Ball
1-1: Ball
2-1: SINGLE (Line Drive, 34D)
Batting: LHB Clint Parkinson 0-0: Called Strike
0-1: Swinging Strike
0-2: Foul Ball, location: 2F
0-2: Foul Ball, location: 2F
0-2: Ball
1-2: Ball
2-2: Fly out, F8 (Flyball, 8LM)
Batting: RHB Patrick Daniels 0-0: Called Strike
0-1: Swinging Strike
0-2: Ball
1-2: Grounds into double play, 5-4-3 (Groundball, 56)
Bottom of the 2nd over - 0 runs, 1 hit, 0 errors, 0 left on base; District 9 4 - Las Vegas 0
TOP OF THE 3RD
District 9 Prawns batting - Pitching for Las Vegas Stars : RHP Juan Rodríguez
Batting: SHB Félix Montoya 0-0: Fly out, F2 (Popup, 2RF)
Batting: LHB Tommy Payne 0-0: Ball
1-0: Swinging Strike
1-1: Ball
2-1: Foul Ball, location: 2F
2-2: Ball
3-2: Foul Ball, location: 2F
3-2: Fly out, F6 (Line Drive, 6)
Batting: LHB Pedro Rodríguez 0-0: Ball
1-0: Foul Ball, location: 2F
1-1: Foul Ball, location: 2F
1-2: Ball
2-2: Foul Ball, location: 2F
2-2: Ball
3-2: SINGLE (Groundball, 25) (infield hit)
Batting: LHB Jeff Doss 0-0: Called Strike
0-1: Ball
1-1: SINGLE (Line Drive, 89S)
Pedro Rodríguez to second
Batting: RHB José Colón 0-0: Called Strike
0-1: Ball
1-1: Ball
2-1: Foul Ball, location: 2F
2-2: SINGLE (Groundball, 56D)
Pedro Rodríguez to third
Jeff Doss to second
Runner from 3rd tries for Home, SAFE, no throw
Batting: RHB Edgardo Carrasco 0-0: Ball
1-0: Foul Ball, location: 2F
1-1: Ball
2-1: Ball
3-1: SINGLE (Groundball, 34D)
Jeff Doss to third
José Colón to second
Runner from 3rd tries for Home, SAFE, no throw
Batting: RHB Lúcio García 0-0: Called Strike
0-1: Ball
1-1: Foul Ball, location: 2F
1-2: Foul Ball, location: 2F
1-2: Foul Ball, location: 2F
1-2: Ball
2-2: DOUBLE (Line Drive, 9LD)
José Colón scores
Edgardo Carrasco to third
Batting: RHB Bernardo Corona 0-0: Ball
1-0: Foul Ball, location: 2F
1-1: SINGLE (Line Drive, 4D)
Edgardo Carrasco scores
Lúcio García to third
Runner from 3rd tries for Home, SAFE, no throw
Batting: LHB Terry Simpson 0-0: Swinging Strike
0-1: Foul Ball, location: 2F
0-2: Ball
1-2: Ball
2-2: Ball
3-2: Base on Balls
Bernardo Corona to second
Batting: SHB Félix Montoya 0-0: Ball
1-0: Foul Ball, location: 2F
1-1: Ball
2-1: Ball
3-1: Swinging Strike
3-2: Foul Ball, location: 2F
3-2: Base on Balls
Bernardo Corona to third
Terry Simpson to second
Batting: LHB Tommy Payne 0-0: Ball
1-0: Foul Ball, location: 2F
1-1: Foul Ball, location: 2F
1-2: GRAND SLAM HOME RUN (Flyball, 9LD), Distance : 405 ft
Batting: LHB Pedro Rodríguez 0-0: Ball
1-0: SOLO HOME RUN (Flyball, 9LD), Distance : 385 ft
Batting: LHB Jeff Doss 0-0: Called Strike
0-1: Called Strike
0-2: Fly out, F8 (Line Drive, 89M)
Top of the 3rd over - 10 runs, 8 hits, 0 errors, 0 left on base; District 9 14 - Las Vegas 0
BOTTOM OF THE 3RD
Las Vegas Stars batting - Pitching for District 9 Prawns : RHP Víctor Ventura
Batting: RHB Gilberto Silva 0-0: Ball
1-0: Ground out 6-3 (Groundball, 6)
Batting: RHB Fernando Bórquez 0-0: Foul Ball, location: 2F
0-1: Ball
1-1: Ball
2-1: Ball
3-1: SOLO HOME RUN (Flyball, 78XD), Distance : 403 ft
Batting: SHB Walt Simmons 0-0: Called Strike
0-1: Ball
1-1: Ball
2-1: Ground out 6-3 (Groundball, 6M)
Batting: RHB Guo-xiu Choi 0-0: Foul Ball, location: 2F
0-1: Foul Ball, location: 2F
0-2: Ball
1-2: Foul Ball, location: 2F
1-2: Strikes out swinging
Bottom of the 3rd over - 1 run, 1 hit, 0 errors, 0 left on base; District 9 14 - Las Vegas 1
TOP OF THE 4TH
District 9 Prawns batting - Pitching for Las Vegas Stars : RHP Juan Rodríguez
Batting: RHB José Colón 0-0: Ball
1-0: Ball
2-0: Ground out 6-3 (Groundball, 56)
Batting: RHB Edgardo Carrasco 0-0: Called Strike
0-1: Fly out, F9 (Flyball, 9LS)
Batting: RHB Lúcio García 0-0: Ball
1-0: Foul Ball, location: 2F
1-1: Fly out, F3 (Popup, 3D)
Top of the 4th over - 0 runs, 0 hits, 0 errors, 0 left on base; District 9 14 - Las Vegas 1
BOTTOM OF THE 4TH
Las Vegas Stars batting - Pitching for District 9 Prawns : RHP Víctor Ventura
Batting: RHB Juan Valverde 0-0: Ball
1-0: Ball
2-0: Ball
3-0: Base on Balls
Batting: RHB José García 0-0: Ball
1-0: TRIPLE (Line Drive, 8LXD)
Juan Valverde scores
Batting: LHB Patrick Osborne 0-0: Called Strike
0-1: Swinging Strike
0-2: Strikes out looking
Batting: LHB Clint Parkinson 0-0: Ball
1-0: Called Strike
1-1: Foul Ball, location: 2F
1-2: Foul Ball, location: 2F
1-2: Foul Ball, location: 2F
1-2: Foul Ball, location: 2F
1-2: Strikes out swinging
Batting: RHB Patrick Daniels 0-0: Ball
1-0: Called Strike
1-1: Foul Ball, location: 2F
1-2: Ball
2-2: Ball
3-2: Base on Balls
Batting: RHB Gilberto Silva 0-0: Ball
1-0: 3-RUN HOME RUN (Flyball, 78XD), Distance : 427 ft
Batting: RHB Fernando Bórquez 0-0: Ball
1-0: Ground out 5-3 (Groundball, 56S)
Bottom of the 4th over - 4 runs, 2 hits, 0 errors, 0 left on base; District 9 14 - Las Vegas 5
TOP OF THE 5TH
District 9 Prawns batting - Pitching for Las Vegas Stars : RHP Juan Rodríguez
Batting: RHB Bernardo Corona 0-0: Fly out, F9 (Flyball, 9LMF)
Batting: LHB Terry Simpson 0-0: Ball
1-0: Swinging Strike
1-1: Foul Ball, location: 2F
1-2: Ball
2-2: Fly out, F4 (Flyball, 34D)
Batting: SHB Félix Montoya 0-0: Called Strike
0-1: Ground out 4-3 (Groundball, 4S)
Top of the 5th over - 0 runs, 0 hits, 0 errors, 0 left on base; District 9 14 - Las Vegas 5
BOTTOM OF THE 5TH
Las Vegas Stars batting - Pitching for District 9 Prawns : RHP Víctor Ventura
Batting: SHB Walt Simmons 0-0: Fly out, F7 (Flyball, 7LSF)
Batting: RHB Guo-xiu Choi 0-0: Ball
1-0: Ball
2-0: Ball
3-0: Called Strike
3-1: DOUBLE (Line Drive, 89D)
Batting: RHB Juan Valverde 0-0: Swinging Strike
0-1: Ball
1-1: Called Strike
1-2: Ball
Wild Pitch!
Guo-xiu Choi to third
2-2: Foul Ball, location: 2F
2-2: Ground out 6-3 (Groundball, 6)
Guo-xiu Choi scores
Batting: RHB José García 0-0: Called Strike
0-1: Ball
1-1: Swinging Strike
1-2: Strikes out looking
Bottom of the 5th over - 1 run, 1 hit, 0 errors, 0 left on base; District 9 14 - Las Vegas 6
TOP OF THE 6TH
District 9 Prawns batting - Pitching for Las Vegas Stars : RHP Juan Rodríguez
Batting: LHB Tommy Payne 0-0: Foul Ball, location: 2F
0-1: Ball
1-1: Ball
2-1: Ball
3-1: Swinging Strike
3-2: Base on Balls
Pitching: RHP Ki-tong Shiu
Batting: LHB Pedro Rodríguez 0-0: Called Strike
0-1: Called Strike
0-2: Ball
1-2: Grounds into double play, 4-6-3 (Groundball, 4)
Batting: LHB Jeff Doss 0-0: Ball
1-0: Foul Ball, location: 2F
1-1: SINGLE (Flyball, 78S)
Batting: RHB José Colón 0-0: Ball
1-0: Foul Ball, location: 2F
1-1: Ball
2-1: Fly out, F8 (Flyball, 8RD)
Top of the 6th over - 0 runs, 1 hit, 0 errors, 1 left on base; District 9 14 - Las Vegas 6
BOTTOM OF THE 6TH
Las Vegas Stars batting - Pitching for District 9 Prawns : RHP Víctor Ventura
Batting: LHB Patrick Osborne 0-0: DOUBLE (Line Drive, 9LM)
Batting: LHB Clint Parkinson 0-0: Called Strike
0-1: Ball
1-1: Ball
2-1: Ball
3-1: Base on Balls
Pitching: RHP Eduardo Delgado
Batting: RHB Patrick Daniels 0-0: Called Strike
0-1: Called Strike
0-2: Ball
1-2: Strikes out swinging
Batting: RHB Gilberto Silva 0-0: Ball
1-0: Foul Ball, location: 2F
1-1: Called Strike
1-2: Ball
2-2: Strikes out swinging
Batting: RHB Fernando Bórquez 0-0: Fielders Choice at 2nd, 6-4 (Groundball, 6)
Bottom of the 6th over - 0 runs, 1 hit, 0 errors, 2 left on base; District 9 14 - Las Vegas 6
TOP OF THE 7TH
District 9 Prawns batting - Pitching for Las Vegas Stars : RHP Ki-tong Shiu
Batting: RHB Edgardo Carrasco 0-0: Hit by Pitch
Batting: RHB Lúcio García 0-0: Called Strike
0-1: Ball
1-1: Fly out, F8 (Flyball, 8RS)
Batting: RHB Bernardo Corona 0-0: Ball
1-0: Called Strike
1-1: Fly out, F8 (Flyball, 8RD)
Batting: LHB Terry Simpson 0-0: Called Strike
0-1: Ball
1-1: Foul Ball, location: 2F
1-2: SINGLE (Line Drive, 8RS)
Edgardo Carrasco to second
Batting: SHB Félix Montoya 0-0: Ball
1-0: Ball
2-0: Foul Ball, location: 2F
2-1: Fly out, F9 (Flyball, 9S)
Top of the 7th over - 0 runs, 1 hit, 0 errors, 2 left on base; District 9 14 - Las Vegas 6
BOTTOM OF THE 7TH
Las Vegas Stars batting - Pitching for District 9 Prawns : RHP Eduardo Delgado
Batting: SHB Walt Simmons 0-0: SOLO HOME RUN (Flyball, 9D), Distance : 396 ft
Batting: RHB Guo-xiu Choi 0-0: Called Strike
0-1: Ball
1-1: Fly out, F6 (Flyball, 56D)
Batting: RHB Juan Valverde 0-0: SINGLE (Groundball, 6D)
Batting: RHB José García 0-0: Called Strike
0-1: Called Strike
0-2: Grounds into double play, 4-6-3 (Groundball, 4)
Bottom of the 7th over - 1 run, 2 hits, 0 errors, 0 left on base; District 9 14 - Las Vegas 7
TOP OF THE 8TH
District 9 Prawns batting - Pitching for Las Vegas Stars : RHP Ki-tong Shiu
Batting: LHB Tommy Payne 0-0: Ball
1-0: Ball
2-0: Ball
3-0: Called Strike
3-1: Foul Ball, location: 2F
3-2: Foul Ball, location: 2F
3-2: SINGLE (Groundball, 15) (infield hit)
Batting: LHB Pedro Rodríguez 0-0: Ball
1-0: Swinging Strike
1-1: Foul Ball, location: 2F
1-2: Fly out, F5 (Popup, 5SF)
Batting: LHB Jeff Doss 0-0: Ball
1-0: Called Strike
1-1: Foul Ball, location: 2F
1-2: Reached on error, E6 (Groundball, 6)
Tommy Payne to second
Batting: RHB José Colón 0-0: Ball
1-0: Swinging Strike
1-1: Grounds into double play, 6-4-3 (Groundball, 6)
Top of the 8th over - 0 runs, 1 hit, 1 error, 1 left on base; District 9 14 - Las Vegas 7
BOTTOM OF THE 8TH
Las Vegas Stars batting - Pitching for District 9 Prawns : RHP Eduardo Delgado
Now in CF: Culley Vaughan
Batting: LHB Patrick Osborne 0-0: Ball
1-0: Swinging Strike
1-1: Ball
2-1: TRIPLE (Line Drive, 9D)
Batting: LHB Clint Parkinson 0-0: Foul Ball, location: 2F
0-1: Ball
1-1: Foul Ball, location: 2F
1-2: Ball
2-2: Ball
3-2: Base on Balls
Batting: RHB Patrick Daniels 0-0: Ball
1-0: 3-RUN HOME RUN (Flyball, 8LXD), Distance : 425 ft
Pitching: RHP José Huerta
Batting: RHB Gilberto Silva 0-0: Called Strike
0-1: Ball
1-1: Ball
2-1: Called Strike
2-2: Ball
3-2: Ground out U3 (Groundball, 34S)
Batting: RHB Fernando Bórquez 0-0: Ball
1-0: Ground out 5-3 (Groundball, 56)
Batting: SHB Walt Simmons 0-0: Ball
1-0: Ball
2-0: Foul Ball, location: 2F
2-1: SINGLE (Groundball, 34D)
Batting: RHB Guo-xiu Choi 0-0: Called Strike
0-1: Swinging Strike
0-2: Ball
1-2: Strikes out swinging
Bottom of the 8th over - 3 runs, 3 hits, 0 errors, 1 left on base; District 9 14 - Las Vegas 10
TOP OF THE 9TH
District 9 Prawns batting - Pitching for Las Vegas Stars : RHP Ki-tong Shiu
Pitching: LHP Gian-Andrea Nota
Batting: RHB Edgardo Carrasco 0-0: Ball
1-0: SINGLE (Groundball, 56S) (infield hit)
Batting: RHB Lúcio García 0-0: Foul Ball, location: 2F
0-1: Ball
1-1: 2-RUN HOME RUN (Flyball, 7LD), Distance : 405 ft
Batting: RHB Bernardo Corona 0-0: Swinging Strike
0-1: SINGLE (Flyball, 7LS)
Batting: LHB Terry Simpson 0-0: Ball
1-0: Ball
2-0: Ball
3-0: Base on Balls
Bernardo Corona to second
Batting: SHB Félix Montoya 0-0: Ball
1-0: Ball
2-0: Ball
3-0: Called Strike
3-1: Base on Balls
Bernardo Corona to third
Terry Simpson to second
Pitching: LHP Justin Short
Batting: LHB Culley Vaughan 0-0: Called Strike
0-1: Fielders Choice at 2nd, 3-6 (Groundball, 34)
Bernardo Corona scores
Terry Simpson to third
Batting: LHB Pedro Rodríguez 0-0: Ball
Culley Vaughan is caught stealing 2nd base
1-0: Swinging Strike
1-1: Foul Ball, location: 2F
1-2: Ball
2-2: Reached on error, E6 (Groundball, 6)
Terry Simpson scores
Batting: LHB Jeff Doss 0-0: Ball
1-0: Foul Ball, location: 2F
1-1: Ground out U3 (Groundball, 3L)
Top of the 9th over - 4 runs, 3 hits, 1 error, 1 left on base; District 9 18 - Las Vegas 10
BOTTOM OF THE 9TH
Las Vegas Stars batting - Pitching for District 9 Prawns : RHP José Huerta
Now in LF: Júlio Macías
Batting: RHB Juan Valverde 0-0: Called Strike
0-1: Foul Ball, location: 2F
0-2: Foul Ball, location: 2F
0-2: Ball
1-2: Ball
2-2: Ball
3-2: Fly out, F5 (Line Drive, 56)
Batting: RHB José García 0-0: Ball
1-0: Foul Ball, location: 2F
1-1: Ball
2-1: Ball
3-1: Foul Ball, location: 2F
3-2: Base on Balls
Batting: LHB Patrick Osborne 0-0: Ball
1-0: Ball
2-0: Called Strike
2-1: 2-RUN HOME RUN (Flyball, 9LD), Distance : 388 ft
Batting: LHB Clint Parkinson 0-0: Called Strike
0-1: Ball
1-1: Swinging Strike
1-2: Strikes out swinging
Batting: RHB Patrick Daniels 0-0: Ball
1-0: Fly out, F9 (Flyball, 89S)
Bottom of the 9th over - 2 runs, 1 hit, 0 errors, 0 left on base; District 9 18 - Las Vegas 12
Saturday, December 16th, 2017 - OOTP Baseball 18.8 Build 76